 Dungeon Crawl Stone Soup version 0.14-a0-40-g75911bd (webtiles) character file.

138 Malachi the Ruffian (level 3, -3/28 HPs)
             Began as a Lava Orc Transmuter on Sept 28, 2013.
             Hit by a tomahawk thrown by an orc (4 damage)
             ... on Level 2 of the Dungeon.
             The game lasted 00:02:56 (1463 turns).

Malachi the Ruffian (Lava Orc Transmuter)           Turns: 1463, Time: 00:02:56

HP  -3/28        AC  2     Str 12      XL: 3   Next: 66%
MP   3/4         EV 12     Int 14      God:
Gold 84          SH  0     Dex 11      Spells:  1 memorised,  4 levels left

Res.Fire  : + + .   See Invis. : .     - Unarmed
Res.Cold  : . . .   Warding    : .   c - +0 orc robe
Life Prot.: . . .   Conserve   : .   (no shield)
Res.Poison: .       Res.Corr.  : .   (helmet restricted)
Res.Elec. : .       Clarity    : .   (no cloak)
Sust.Abil.: . .     Spirit.Shd : .   (no gloves)
Res.Mut.  : .       Stasis     : .   (no boots)
Res.Rott. : .       Flight     : .   (no amulet)
Saprovore : + . .                    (no ring)
                                     (no ring)

@: appendage, not resistant to hostile enchantments, unstealthy
A: horns 2, conserve scrolls, saprovore 1
a: End Transformation


You were on level 2 of the Dungeon.
You were hungry.
You had grown temporary horns.
You visited 1 branch of the dungeon, and saw 2 of its levels.

You collected 64 gold pieces.

Inventory:

Missiles
 b - 12 arrows
Armour
 c - a +0 orcish robe (worn)
Comestibles
 a - 3 meat rations
 h - a chunk of adder flesh
Scrolls
 g - a scroll of curse weapon {unknown}
 i - a scroll of blinking {unknown}
 j - a scroll of identify {unknown}
 k - a scroll of remove curse {unknown}
Potions
 e - 4 potions of curing {unknown}
 f - a potion of heal wounds {unknown}
 l - a potion of mutation {unknown}
Books
 d - a book of Changes

   Spells                             Type                      Level
   *Beastly Appendage                 Transmutation                1
   Sticks to Snakes                   Transmutation                2
   Spider Form                        Transmutation/Poison         3
   Ice Form                           Ice/Transmutation            4
   Blade Hands                        Transmutation                5


   Skills:
 + Level 1.6 Fighting
 + Level 2.0 Dodging
 + Level 0.1 Stealth
 * Level 4.0 Unarmed Combat
 + Level 1.7 Spellcasting
 * Level 3.6 Transmutations


You had 4 spell levels left.
You knew the following spells:

 Your Spells              Type           Power        Failure   Level  Hunger
a - Beastly Appendage     Trmt           ##....       6%          1    ##.....


Dungeon Overview and Level Annotations

Branches:
Dungeon (2/27)

Altars:


Innate Abilities, Weirdness & Mutations

You have stony skin.
You cover ground slowly.
Your flesh is very heat resistant.
Your lava-based spells are more powerful.
Your flesh is vulnerable to cold.
Your heat harms attackers.
You bathe your surroundings in blazing heat.
You are too hot to use scrolls.
You are very good at protecting items from fire.
You can tolerate rotten meat.
You have a pair of horns on your head.


Message History

The goblin hits you with an orcish club.
* * * LOW HITPOINT WARNING * * *
You barely miss the goblin. The goblin closely misses you.
You punch the goblin!
You kill the goblin!
Your Dodging skill increases to level 2!
The goblin closely misses you.
Things that are here:
an orcish club; an orcish leather armour; 24 gold pieces; an orc corpse You hit the goblin.
Your headbutt misses the goblin.
The goblin is severely wounded.
The goblin hits you.
* * * LOW HITPOINT WARNING * * *
You punch the goblin!
You kill the goblin!
Your skin cools and hardens.
You closely miss the goblin. The goblin hits you but does no damage.
You barely miss the goblin. The goblin barely misses you.
The orc throws a tomahawk.
The tomahawk hits you!
You die...

........#......
........#...... ..
........#....# ###.###
..####.##....# ##.....
#.#........#.####8.$$.
#.#........#.##.#o..(#
#.#..........# ...(((#
#.#........#.###.#o(.#.#
#........#.(##@#.g..#
#........#.#.##g##...#
#........#.##..#.# #..#
#..........####### .#
#........#..
#.#########. #. . ## .


You could see an orc and a goblin.

Vanquished Creatures
  An adder (D:2)
  A giant mite (D:1)
  2 giant geckos (D:1)
  An orc (D:2)
  5 bats (D:1)
  2 giant cockroaches (D:1)
  6 goblins
  6 hobgoblins
  A quokka (D:2)
  A ball python (D:1)
  2 giant newts (D:1)
  3 kobolds (D:1)
  3 rats (D:1)
34 creatures vanquished.

Vanquished Creatures (others)
  A gnoll (D:2)
1 creature vanquished.

Grand Total: 35 creatures vanquished

Notes
Turn   | Place    | Note
--------------------------------------------------------------
     0 | D:1      | Malachi, the Lava Orc Transmuter, began the quest for the Orb.
     0 | D:1      | Reached XP level 1. HP: 16/16 MP: 1/1
   323 | D:1      | Reached XP level 2. HP: 7/23 MP: 0/2
  1043 | D:1      | Reached XP level 3. HP: 20/28 MP: 2/4
  1455 | D:2      | Reached skill level 4 in Unarmed Combat
  1460 | D:2      | HP: 1/28 [goblin (2)]
  1463 | D:2      | Hit by a tomahawk thrown by an orc

Action                   || total
-------------------------++-------
Melee: Unarmed           ||   120
 Cast: Beastly Appendage ||    15
